 Dungeon Crawl Stone Soup version 0.27.0-1-g7a089689b8 (webtiles) character file.

Game seed: 543464341707428352

96 Spaninq the Twirler (level 4, -3/35 HPs)
             Began as a Demonspawn Gladiator on Aug 5, 2021.
             Was a Believer of Dithmenos.
             Slain by Crazy Yiuf (8 damage)
             ... on level 3 of the Dungeon.
             The game lasted 00:03:28 (1833 turns).

Spaninq the Twirler (Demonspawn Gladiator)          Turns: 1833, Time: 00:03:29

Health: -3/35      AC:  9    Str: 15    XL:     4   Next: 41%
Magic:  4/4        EV: 10    Int:  9    God:    Dithmenos [**....]
Gold:   69         SH:  0    Dex: 15    Spells: 3/3 levels left

rFire    . . .     SeeInvis .   a - +0 quarterstaff
rCold    . . .     Faith    .   (shield currently unavailable)
rNeg     . . .     Spirit   .   j - +0 scale mail
rPois    .         Reflect  .   (helmet restricted)
rElec    .         Harm     .   b - +0 cloak
rCorr    .         Rampage  .   (no gloves)
Will     .....                  (no boots)
Stlth    ..........             (no amulet)
HPRegen  0.11/turn              (no ring)
MPRegen  0.09/turn              (no ring)

@: wreathed by umbra
A: horns 1, molten scales 1
a: Renounce Religion, Shadow Step


You were on level 3 of the Dungeon.
You worshipped Dithmenos.
Dithmenos was pleased with you.
You visited 1 branch of the dungeon, and saw 3 of its levels.

You collected 69 gold pieces.

Inventory:

Hand Weapons
 a - a +0 quarterstaff (weapon)
Missiles
 d - 4 throwing nets (quivered)
Armour
 b - a +0 cloak (worn)
 j - a +0 scale mail (worn)
Wands
 g - a wand of mindburst (9)
Scrolls
 c - a scroll of noise {unknown}
 h - a scroll of fog {unknown}
 l - a scroll of silence {unknown}
Potions
 e - a potion of lignification {unknown}
 f - a potion of heal wounds {unknown}
 i - 2 potions of curing {unknown}
 k - a potion of berserk rage {unknown}


   Skills:
 + Level 3.1 Fighting
 * Level 4.1 Staves
 - Level 1.7 Throwing
 + Level 0.1 Armour
 + Level 2.7 Dodging


You had 3 spell levels left.
You didn't know any spells.
Your spell library contained the following spells:

 Spells                   Type           Power      Damage    Failure   Level
 Sting                    Tmut/Pois      0%         1d3       86%         1


Dungeon Overview and Level Annotations

Branches:
Dungeon (3/15)

Altars:
Dithmenos

Annotations:
D:3 Crazy Yiuf


Innate Abilities, Weirdness & Mutations

You have a pair of small horns on your head.
You are partially covered in molten scales. (AC +2)


Message History

You see here a rat corpse.
l - a scroll labelled XUOCWO DOTUCH HP restored.
A goblin comes into view. It is wielding a +0 dagger.
The goblin shouts!
The goblin hits you but does no damage.
You sock the goblin!
You kill the goblin!
Dithmenos accepts your kill.
You see here a +0 dagger.
Found a mace.
Found a mace.
Found a runed translucent door.
Crazy Yiuf shouts!
You open the door. You barely miss Crazy Yiuf.
Crazy Yiuf waves his quarterstaff at you.
Crazy Yiuf barely misses you.
You barely miss Crazy Yiuf.
You headbutt Crazy Yiuf, but do no damage.
Crazy Yiuf misses you.
Crazy Yiuf grits, "Earwax koolooloo seventy!"
Crazy Yiuf hits you with a +3 quarterstaff of chaos!
Crazy Yiuf freezes you.
You hit Crazy Yiuf.
Crazy Yiuf is moderately wounded.
Crazy Yiuf hits you with a +3 quarterstaff of chaos.
Crazy Yiuf freezes you.
You sock Crazy Yiuf!
Crazy Yiuf is severely wounded.
Crazy Yiuf hits you with a +3 quarterstaff of chaos!
* * * LOW HITPOINT WARNING * * *
Crazy Yiuf burns you.
* * * LOW HITPOINT WARNING * * *
You barely miss Crazy Yiuf.
Crazy Yiuf is severely wounded.
Crazy Yiuf barely misses you.
You hit Crazy Yiuf.
Crazy Yiuf is almost dead.
Crazy Yiuf hits you with a +3 quarterstaff of chaos!
You die...

.......#.#######..##
..........# #...)#
....>...#.# ♣....♣
....#####>.# ♣♣...♣ ..†..#
#.# ♣♣.♣♣ #.# .....## .# ♣♣.♣
#.# ......####.# ♣.♣♣ #####
#.# ..##.....# ♣♣.♣
#...###.#### ####.###...#
♣@♣♣ #.......... #..# ### #g#
#.......... ##.# ...
#.......... #.# #...#
#.......<.. #####.# #)..#
#........<. ......# #####
##.......... #####.##
#........... #..###
#######...........
##...#######.................


You could see Crazy Yiuf.

Vanquished Creatures
  3 adders
  2 worms (D:2)
  4 dart slugs
  6 ball pythons
  4 bats
  6 endoplasms
  6 giant cockroaches
  3 goblins
  3 hobgoblins
  3 jackals (D:2)
  2 kobolds
  A quokka (D:1)
  A frilled lizard (D:2)
  9 rats
53 creatures vanquished.

Notes
Turn   | Place    | Note
-------+----------+-------------------------------------------
     0 | D:1      | Spaninq the Demonspawn Gladiator began the quest for the
                  | Orb.
     0 | D:1      | Reached XP level 1. HP: 16/16 MP: 1/1
   145 | D:1      | Reached skill level 3 in Staves
   153 | D:1      | Gained mutation: You have a pair of small horns on your
                  | head. [demonic ancestry]
   153 | D:1      | Reached XP level 2. HP: 22/22 MP: 2/2
   383 | D:1      | Found a faded altar of an unknown god.
   391 | D:1      | Got Plato's Grimoire of Transmigration
   392 | D:1      | Became a worshipper of Dithmenos the Shadowed
   392 | D:1      | Reached * piety under Dithmenos
   743 | D:1      | Reached XP level 3. HP: 28/28 MP: 3/3
  1177 | D:2      | Reached ** piety under Dithmenos
  1350 | D:2      | Reached skill level 4 in Staves
  1350 | D:2      | Gained mutation: You are partially covered in molten
                  | scales. (AC +2) [demonic ancestry]
  1350 | D:2      | Reached XP level 4. HP: 30/34 MP: 4/4
  1823 | D:3      | Found a runed translucent door.
  1824 | D:3      | Noticed Crazy Yiuf
  1833 | D:3      | Slain by Crazy Yiuf

Illustrated notes

Levels and vault maps discovered:
D:1:      dpeg_arrival_rooms_b, layout_basic,
          shapermc_ecumenical_altar_rom_forum, minmay_misc_feat_cross
D:2:      layout_rooms, minmay_splitting_lines
D:3:      layout_rooms, mainiacjoe_overflow_divided_tiny, serial_shops,
          nicolae_shop_waterfront, uniq_crazy_yiuf_cottage

Skill      XL: |  1  2  3  4 |
---------------+-------------+-----
Staves         | 3 4 |  4.1
Fighting       | 3 |  3.1
Throwing       | |  1.7
Armour         | |  0.1
Dodging        | |  2.7

Action                   |  1- 3 |  4- 6 || total
-------------------------+-------+-------++-------
Melee: Quarterstaff      |    90 |    20 ||   110
       Headbutt          |     9 |     3 ||    12
 Stab: Sleeping          |     4 |       ||     4
Armor: Leather armour    |    20 |       ||    20
       Scale mail        |       |     5 ||     5
Dodge: Dodged            |    57 |    11 ||    68
